 Dungeon Crawl Stone Soup version 0.31-a0-1603-gbec6b6ccbf (webtiles) character file.

Game seed: 17566976605193220327

1766 pokeman the Thaumaturge (level 8, -9/44 HPs)
             Began as a Deep Elf Hedge Wizard on Jan 7, 2024.
             Shot with an arrow by a centaur (11 damage)
             ... on level 6 of the Dungeon.
             The game lasted 00:09:40 (5770 turns).

pokeman the Thaumaturge (Deep Elf Hedge Wizard)     Turns: 5770, Time: 00:09:41

Health: -9/44      AC:  3    Str:  7    XL:     8   Next: 79%
Magic:  21/24      EV: 13    Int: 22    God:
Gold:   18         SH:  0    Dex: 14    Spells: 20/28 levels left

rFire   + + .        t - +5 flail "Gram" {heavy, rElec rF+}
rCold   . . .        (no shield)
rNeg    . . .        b - +0 robe
rPois   +            c - +0 hat
rElec   +            (no cloak)
rCorr   .            k - +0 pair of gloves
SInv    .            (no boots)
Will    .....        (no amulet)
Stlth   +++          m - ring of protection from fire
HPRegen 0.27/turn    v - ring of poison resistance
MPRegen 0.19/turn

%: no passive effects
@: no status effects
A: no striking features
a: no special abilities


You were on level 6 of the Dungeon.
You visited 2 branches of the dungeon, and saw 7 of its levels.

You collected 258 gold pieces.
You spent 240 gold pieces at shops.

Inventory:

Hand Weapons
 t - the +5 flail "Gram" (weapon) {heavy, rElec rF+}
   (You found it on level 3 of the Dungeon)

   rF+:       It protects you from fire.
   rElec:     It insulates you from electricity.
Armour
 b - a +0 robe (worn)
 c - a +0 hat (worn)
 j - a +0 kite shield
 k - a +0 pair of gloves (worn)
Jewellery
 m - a ring of protection from fire (left hand)
 v - a ring of poison resistance (right hand)
Scrolls
 a - a scroll of amnesia {unknown}
 g - a scroll of noise {unknown}
 h - 2 scrolls of fog {unknown}
 i - 4 scrolls of identify {unknown}
 l - a scroll of vulnerability {unknown}
 q - a scroll of brand weapon {unknown}
 r - a scroll of blinking {unknown}
 s - 4 scrolls of teleportation {unknown}
 w - a scroll of immolation {unknown}
Potions
 d - a potion of magic
 e - 4 potions of might {unknown}
 f - a potion of berserk rage {unknown}
 n - 5 potions of curing
 o - 2 potions of haste {unknown}
 p - a potion of resistance {unknown}
 x - a potion of invisibility {unknown}
 z - 2 potions of heal wounds
 A - 2 potions of lignification {unknown}


   Skills:
 - Level 2.0 Fighting
 + Level 2.6 Armour
 - Level 3.0 Dodging
 - Level 4.2 Stealth
 - Level 2.2 Shields
 * Level 10.8 Spellcasting
 + Level 5.8 Conjurations
 - Level 1.1 Summonings
 - Level 1.1 Translocations
 - Level 1.0 Air Magic
 - Level 1.0 Alchemy


You had 20 spell levels left.
You knew the following spells:

 Your Spells              Type           Power      Damage    Failure   Level
a - Magic Dart            Conj           100%       1d8       1%          1
b - Mephitic Cloud        Conj/Alch/Air  23%        N/A       5%          3
c - Call Imp              Summ           32%        N/A       5%          2
d - Blink                 Tloc           32%        N/A       5%          2

Your spell library contained the following spells:

 Spells                   Type           Power      Damage    Failure   Level
 Slow                     Hex            44%        N/A       5%          1
 Cigotuvi's Dreadful Rot  Necr/Alch/Air  28%        N/A       6%          2


Dungeon Overview and Level Annotations

Branches:
Dungeon (6/15)             Temple (1/1) D:6

Altars:
Ashenzari
Cheibriados
Dithmenos
Elyvilon
Fedhas
Kikubaaqudgha
Makhleb
Qazlal
Ru
Sif Muna
Uskayaw
Vehumet
Zin
The Shining One

Annotations:
D:5 gummybears's ghost, novice FeSu


Message History

* * * LOW HITPOINT WARNING * * *
The centaur closely misses you.
The centaur cries.
Grinder blinks! x2
Casting: Call Imp (safe; 6% risk of failure)
Confirm with . or Enter, or press ? or * to list all spells.
Aiming: Mephitic Cloud (dangerous; 6% risk of failure)
Press: ? - help, Shift-Dir - straight line, f/p - centaur
Aim: a centaur, quivering stones (severely wounded, confused, chance to affect: 81%)
The ball explodes into a vile cloud!
The stinking cloud engulfs the centaur.
The centaur is severely wounded.
You hear a shout!
The centaur is engulfed in noxious fumes.
The centaur appears confused.
Your cerulean imp hits the centaur from afar with a -3 spear.
Unknown command.
The centaur is engulfed in noxious fumes.
The centaur appears confused.
The centaur hits you.
* * * LOW HITPOINT WARNING * * *
The centaur misses you.
Your cerulean imp hits the centaur but does no damage.
The centaur is engulfed in noxious fumes.
The centaur appears confused.
You sock the centaur!
You kill the centaur!
Unknown command.
Casting: Mephitic Cloud (dangerous; 6% risk of failure)
Confirm with . or Enter, or press ? or * to list all spells.
Aiming: Magic Dart (safe; 1% risk of failure)
Press: ? - help, Shift-Dir - straight line, f - Grinder
Aim: Grinder (almost dead, 100% to hit)
The magic dart hits Grinder.
You kill Grinder!
A centaur comes into view.
The centaur wields a +0 shortbow.
The centaur shoots an arrow.
The arrow hits you!
* * * LOW HITPOINT WARNING * * *
You swap places.
The centaur shoots an arrow.
The arrow hits you!
You die...

...)........##.#.# #.#
#...........##.#.####.#
..#.........##........#
#...###.....####.######
...............#.#
...####....#####.# #
#....# #.# #....# #.#
##########@#
#####○...########
.c...☼5.........#
#####.○########.# .....
#.###. #. #. . #. #.


You could see a centaur (ally target) and a friendly cerulean imp (summoned).

Vanquished Creatures
  Pikel (D:4)
  Grinder (D:6)
  A steam dragon (D:5)
  2 ice beasts
  A centaur (D:6)
  3 lemures (D:4)
  2 phantoms
  2 scorpions
  2 howler monkeys
  A hound (D:4)
  A bombardier beetle (D:2)
  A jelly (D:5)
  Terence (D:2)
  3 iguanas (D:5)
  An orc wizard (D:4)
  6 adders
  A shadow imp (D:6)
  2 white imps (D:6)
  2 dart slugs
  A ribbon worm (D:2)
  12 orcs
  6 bats
  10 endoplasms
  2 giant cockroaches
  11 goblins
  4 hobgoblins
  10 jackals
  7 kobolds
  6 quokkas
  6 ball pythons
  3 frilled lizards
  3 rats
115 creatures vanquished.

Notes
Turn   | Place    | Note
-------+----------+-------------------------------------------
     0 | D:1      | pokeman the Deep Elf Hedge Wizard began the quest for the
                  | Orb.
     0 | D:1      | Reached XP level 1. HP: 10/10 MP: 7/7
   442 | D:1      | Reached XP level 2. HP: 16/16 MP: 6/9
   980 | D:2      | Found a faded altar of an unknown god.
   989 | D:2      | Noticed a bombardier beetle
   996 | D:2      | Killed a bombardier beetle
   997 | D:2      | Reached skill level 1 in Armour
   997 | D:2      | Reached skill level 5 in Spellcasting
   997 | D:2      | Reached XP level 3. HP: 13/20 MP: 9/11
  1116 | D:2      | Learned a level 3 spell: Mephitic Cloud
  1119 | D:2      | Learned a level 2 spell: Call Imp
  1120 | D:2      | Reached skill level 1 in Fighting
  1124 | D:2      | Learned a level 2 spell: Blink
  1754 | D:2      | Noticed Terence
  1763 | D:2      | Killed Terence
  1764 | D:2      | Reached XP level 4. HP: 10/25 MP: 7/13
  2926 | D:3      | Reached skill level 6 in Spellcasting
  2926 | D:3      | Reached XP level 5. HP: 29/29 MP: 8/15
  3209 | D:3      | Identified the +5 flail "Gram" {heavy, rElec rF+}
  3570 | D:4      | Noticed a lemure
  3571 | D:4      | Noticed a lemure
  3583 | D:4      | Noticed a lemure
  3587 | D:4      | Killed a lemure
  3590 | D:4      | Noticed Pikel
  3592 | D:4      | Killed a lemure
  3592 | D:4      | Noticed a lemure
  3596 | D:4      | Killed a lemure
  3598 | D:4      | Killed Pikel
  3599 | D:4      | Reached skill level 7 in Spellcasting
  3599 | D:4      | Reached XP level 6. HP: 23/34 MP: 11/18
  3599 | D:4      | Reached XP level 7. HP: 26/38 MP: 12/20
  3759 | D:4      | Found an ancient bone altar of Kikubaaqudgha.
  3759 | D:4      | Found a white marble altar of Elyvilon.
  3760 | D:4      | Found a radiant altar of Vehumet.
  3931 | D:4      | Reached skill level 8 in Spellcasting
  4217 | D:4      | Reached skill level 1 in Air Magic
  4217 | D:4      | Reached skill level 1 in Alchemy
  4468 | D:4      | Found a broken altar of Ashenzari.
  4472 | D:4      | Saw a vision of the Shoals and the Snake Pit.
  4472 | D:4      | Noticed a shock serpent
  4472 | D:4      | Noticed a water nymph
  4472 | D:4      | Noticed a merfolk impaler
  4472 | D:4      | Noticed a wind drake
  4472 | D:4      | Noticed a merfolk
  4472 | D:4      | Noticed a water elemental
  4472 | D:4      | Noticed a sea snake
  4472 | D:4      | Noticed a merfolk
  4472 | D:4      | Noticed a water nymph
  4474 | D:4      | Noticed a black mamba
  4474 | D:4      | Noticed a naga sharpshooter
  4687 | D:5      | Entered Level 5 of the Dungeon
  4795 | D:5      | Noticed a steam dragon
  4813 | D:5      | Killed a steam dragon
  4814 | D:5      | Reached skill level 9 in Spellcasting
  4832 | D:5      | Reached XP level 8. HP: 25/44 MP: 2/23
  4980 | D:5      | Reached skill level 5 in Conjurations
  5254 | D:5      | Noticed gummybears's ghost (novice FeSu)
  5256 | D:5      | Noticed a gargoyle
  5266 | D:5      | You fall into a shaft and drop 1 floor!
  5400 | D:6      | Found a staircase to the Ecumenical Temple.
  5410 | Temple   | Entered the Ecumenical Temple
  5517 | D:6      | Reached skill level 10 in Spellcasting
  5629 | D:6      | Found Wunof's Distillery.
  5636 | D:6      | Bought a potion of heal wounds for 60 gold pieces
  5636 | D:6      | Bought a potion of curing for 36 gold pieces
  5636 | D:6      | Bought a potion of curing for 36 gold pieces
  5636 | D:6      | Bought a potion of curing for 36 gold pieces
  5636 | D:6      | Bought a potion of heal wounds for 60 gold pieces
  5636 | D:6      | Bought a potion of degeneration for 12 gold pieces
  5744 | D:6      | Noticed Grinder
  5753 | D:6      | Paralysed by Grinder for 3 turns
  5768 | D:6      | Killed Grinder
  5768 | D:6      | HP: 2/44 [centaur/arrow (8)]
  5770 | D:6      | Shot with an arrow by a centaur

Illustrated notes

Levels and vault maps discovered:
D:1:      scummos_arrival_checkerplants, layout_loops_ring
D:2:      layout_loops_corners, dreamdust_ecumenical_altar_grove,
          dk_noncrumbling_2, minmay_ruptured, uniq_terence
D:3:      layout_basic
D:4:      layout_basic, nicolae_overflow_hidden_temple,
          grunt_ashenzari_visionary [grunt_ashenzari_visionary_shoals,
          grunt_ashenzari_visionary_snake], minmay_cut_off, uniq_pikel
D:5:      layout_loops_ring, gammafunk_ghost_split, hellmonk_no_cap
D:6:      layout_basic, nicolae_hepliaklqana_hippocampus,
          minmay_temple_entry_slanted, serial_shops,
          nicolae_shop_just_a_little_nook, shop, shop, uniq_grinder
Temple:   compressed_dpeg_circular_temple

Skill      XL: |  1  2  3  4  5  6  7  8 |
---------------+-------------------------+-----
Armour         | 1 2 |  2.6
Spellcasting   | 5 6 7 9 10 | 10.8
Fighting       | 1 2 |  2.0
Conjurations   | 2 3 4 5 |  5.8
Dodging        | 3 |  3.0
Stealth        | 4 |  4.2
Shields        | 2 |  2.2
Air Magic      | 1 |  1.0
Alchemy        | 1 |  1.0
Summonings     | |  1.1
Translocations | |  1.1

Action                     |  1- 3 |  4- 6 |  7- 9 || total
---------------------------+-------+-------+-------++-------
  Melee: Long sword        |    20 |     8 |       ||    28
         Flail             |       |    11 |    42 ||    53
         Punch             |       |       |     1 ||     1
   Cast: Magic Dart        |    70 |    78 |   131 ||   279
         Mephitic Cloud    |     2 |     2 |     7 ||    11
         Call Imp          |     1 |       |     3 ||     4
         Blink             |       |       |     1 ||     1
   Stab: Distracted        |     1 |       |       ||     1
         Confused          |     1 |     2 |     3 ||     6
         Sleeping          |       |     1 |       ||     1
 Armour: Robe              |    13 |    10 |    51 ||    74
  Dodge: Dodged            |    14 |    15 |    54 ||    83

Table legend: (Time is in decaauts)
 A = Elapsed time spent in this place.
 B = Non-inter-level travel time spent in this place.
 C = Inter-level travel time spent in this place.
 D = Time resting spent in this place.
 E = Time spent auto-exploring this place.
 F = Levels seen in this place.
 G = Mean time per level.
                   A        B        C        D        E       F      G
               +--------+--------+--------+--------+--------+-----+--------+
         Total |   5836 |   5705 |    131 |      9 |   4910 |   7 |  833.7 |
       Dungeon |   5834 |   5703 |    131 |      9 |   4910 |   6 |  972.3 |
        Temple |      1 |      1 |      0 |      0 |      0 |   1 |    1.0 |
               +--------+--------+--------+--------+--------+-----+--------+

Top non-repeatable levels by time:
     D:2: 1499 daAuts
     D:3: 1308 daAuts
     D:4: 1142 daAuts
     D:1: 762 daAuts
     D:5: 602 daAuts
     D:6: 518 daAuts
  Temple: 1 daAuts
